 Dungeon Crawl Stone Soup version 0.29-a0-495-g17b79114eb (webtiles) character file.

Game seed: 5455433587688675921

16410 sammy202020 the Cleaver (level 12, -1/102 HPs)
             Began as a Demonspawn Berserker on May 28, 2022.
             Was a High Priest of Trog.
             Slain by a manticore (2 damage)
             ... on level 11 of the Dungeon.
             The game lasted 00:19:59 (11689 turns).

sammy202020 the Cleaver (Demonspawn Berserker)     Turns: 11689, Time: 00:20:01

Health: -1/102     AC: 18    Str: 20    XL:     12   Next: 9%
Magic:  0/10       EV: 11    Int: 12    God:    Trog [*****.]
Gold:   576        SH:  4    Dex: 14    Spells: 11/11 levels left

rFire   . . .      SeeInvis +   t - +3 hand axe (flame)
rCold   . . .      Faith    .   (no shield)
rNeg    . . .      Spirit   +   j - +1 chain mail
rPois   .          Reflect  .   (no helmet)
rElec   +          Harm     .   (no cloak)
rCorr   .          Rampage  .   (no gloves)
Will    ++...                   z - +1 pair of boots
Stlth   ..........              l - amulet of guardian spirit
HPRegen 2.27/turn               E - ring of see invisible
MPRegen 0.12/turn               L - +4 ring of slaying

@: mighty, strong-willed, spiked, on berserk cooldown, regenerating, hasted and
slowed, studying Dodging
A: thin metallic scales 3, demonic guardian 2, powered by death 1, weakness
stinger 1, large bone plates 1, agile 1, low MP 1, MP-powered wands
a: Renounce Religion, Berserk, Trog's Hand, Brothers in Arms


You were on level 11 of the Dungeon.
You worshipped Trog.
Trog was extremely pleased with you.
You visited 1 branch of the dungeon, and saw 11 of its levels.
You also visited: Sewer.

You collected 771 gold pieces.
You spent 195 gold pieces at shops.

Inventory:

Hand Weapons
 a - a +0 hand axe
 r - a +3 shortbow
 t - a +3 hand axe of flaming (weapon)
 D - a +0 war axe
 H - a +2 hunting sling of freezing
Missiles
 B - 13 throwing nets
 I - 9 boomerangs
Armour
 c - a +1 ring mail of fire resistance
 j - a +1 chain mail (worn)
 z - a +1 pair of boots (worn)
Jewellery
 e - a ring of flight
 l - an amulet of guardian spirit (around neck)
 A - a ring of poison resistance
 E - a ring of see invisible (left hand)
 L - a +4 ring of slaying (right hand)
Wands
 p - a wand of paralysis (15)
 w - a wand of iceblast (24)
 x - a wand of flame (14) (quivered)
 F - a wand of digging (2)
 K - a wand of mindburst (5)
Scrolls
 f - 5 scrolls of teleportation
 g - 4 scrolls of amnesia
 k - a scroll of blinking
 q - a scroll of magic mapping
 y - 2 scrolls of fog
 J - 2 scrolls of enchant armour
 M - 3 scrolls of identify
 N - a scroll of poison
Potions
 b - 2 potions of might
 d - a potion of berserk rage
 i - 3 potions of curing
 m - 3 potions of brilliance
 n - 5 potions of haste
 o - 3 potions of lignification
 s - 2 potions of cancellation
 u - a potion of attraction
 v - 3 potions of mutation
 C - 2 potions of magic
 G - a potion of ambrosia


   Skills:
 * Level 12.0 Fighting
 * Level 13.7 Axes
 + Level 7.7 Armour
 + Level 9.0 Dodging


You had 11 spell levels left.
You didn't know any spells.
Your spell library was empty.

Dungeon Overview and Level Annotations

Branches:
Dungeon (11/15)            Temple (0/1) D:7            Lair (0/6) D:9
  Sewer (visited)
    Orc: D:9-12

Altars:
Elyvilon
Fedhas
Hepliaklqana
Kikubaaqudgha
Nemelex Xobeh
Okawaru
Sif Muna
Trog
Vehumet
Xom
Yredelemnul

Shops:
D:4 ?   D:6 [   D:7 =   D:10 *


Innate Abilities, Weirdness & Mutations

You are completely covered in thin metallic scales. (AC +4, rElec)
A demonic guardian rushes to your aid.
You regenerate a little health from kills.
You have a small tail.
You are partially covered in large bone plates. (SH +4)
You are agile. (Dex +2)
Your magical capacity is low. (-10% MP)
You expend magic power (3 MP) to strengthen your wands.


Message History

The manticore is lightly wounded.
You hit the vampire. You burn the vampire.
The vampire draws life force from you.
The vampire is healed by the life force!
The manticore closely misses you.
The manticore claws you but does no damage.
The manticore claws you.
You feel much better.
The vampire hits you but does no damage.
You are electrocuted.
The vampire misses you. The manticore bites you!
The manticore claws you but does no damage.
You block the manticore's attack.
You closely miss the manticore. You tail-slap the manticore.
The manticore is lightly wounded.
You hit the vampire but do no damage. You hit the manticore.
You burn the manticore.
The manticore is lightly wounded.
You hit the vampire but do no damage.
The vampire hits you with a staff of air.
The vampire bites you.
The vampire draws strength from your injuries!
The manticore barely misses you. The manticore closely misses you.
The manticore claws you!
You hit the manticore. You burn the manticore. You tail-slap the manticore.
The manticore is moderately wounded.
You hit the vampire. You burn the vampire. The manticore bites you!
* * * LOW HITPOINT WARNING * * *
A demonic guardian appears!
The manticore claws you but does no damage.
You block the manticore's attack. The vampire draws life force from you.
* * * LOW HITPOINT WARNING * * *
The vampire is healed by the life force!
You feel very mighty all of a sudden. The vampire draws life force from you.
* * * LOW HITPOINT WARNING * * *
The vampire is healed by the life force!
The manticore bites you!
* * * LOW HITPOINT WARNING * * *
You block the manticore's attack. The manticore claws you.
You die...

#.. ... . ##.. ....
.# ...# ... ..
#..##... #. #..##.#
#Hl###4.#.# #H@.).#.#
##V.).†)# #.###)#.# .
#.. #..#.####### ..
#..#..##........
#.^#....##....$.... .
.....##...........
...#..##........>....
#..#.#.............


You could see 2 manticores, a komodo dragon, a vampire (ally target) and a
friendly ice devil (summoned).

Vanquished Creatures
  A death knight (D:11)
  A two-headed ogre (D:10)
  A tengu warrior (D:11)
  An orc knight (D:11)
  Pikel (D:8)
  An ugly thing (D:11)
  A cyclops (D:11)
  An unseen horror (D:8)
  Psyche (D:8)
  A yaktaur (D:11)
  4 trolls
  A meliai (D:11)
  Prince Ribbit (D:7)
  A hornet (D:9)
  A slime creature (D:11)
  Sigmund (D:5)
  17 yaks
  2 wraiths (D:11)
  A shadow (D:9)
  2 vampires (D:10)
  A wyvern (D:11)
  A human (shapeshifter) (D:11)
  4 vampire mosquitoes (D:11)
  A water moccasin (D:5)
  2 sky beasts
  2 black bears
  An ice beast (D:6)
  5 orc warriors
  4 ogres
  A wolf (D:7)
  2 centaurs (D:6)
  2 phantoms
  2 kobold brigands
  A bullfrog (D:8)
  4 scorpions
  6 necrophages
  4 gnoll sergeants (D:7)
  8 wights
  2 jellies
  A killer bee (D:11)
  2 howler monkeys
  3 crimson imps (D:6)
  3 hounds
  4 gnoll shamans
  2 orc priests (D:9)
  10 orc wizards
  3 iguanas
  32 gnolls
  9 adders
  2 river rats (Sewer)
  2 ufetubi (D:5)
  4 worms
  A dart slug (D:1)
  46 orcs
  2 ball pythons
  6 endoplasms
  4 giant cockroaches
  4 goblins
  5 hobgoblins
  11 jackals
  4 quokkas
  4 bats
  3 frilled lizards
  14 kobolds
  12 rats
  A spectral orc (D:4)
288 creatures vanquished.

Vanquished Creatures (collateral kills)
  A tengu warrior (D:11)
  Joseph (D:7)
  3 yaks (D:10)
  A water moccasin (D:7)
  An ice beast (D:6)
  A gnoll sergeant (D:7)
  A necrophage (D:6)
  A scorpion (D:5)
  2 hounds (D:7)
  A hell rat (Sewer)
  2 adders
  An orc (D:3)
16 creatures vanquished.

Vanquished Creatures (others)
  A yak (D:8)
  6 plants (D:9)
7 creatures vanquished.

Grand Total: 311 creatures vanquished

Notes
Turn   | Place    | Note
-------+----------+-------------------------------------------
     0 | D:1      | sammy202020 the Demonspawn Berserker began the quest for
                  | the Orb.
     0 | D:1      | Reached XP level 1. HP: 18/18 MP: 1/1
   153 | D:1      | Gained mutation: You regenerate a little health from kills.
                  | [demonic ancestry]
   153 | D:1      | Reached XP level 2. HP: 23/24 MP: 2/2
   337 | D:1      | Reached skill level 3 in Axes
   808 | D:2      | Reached XP level 3. HP: 29/29 MP: 3/3
   875 | D:2      | Reached ** piety under Trog
  1059 | D:2      | You are sucked into a shaft and drop 2 floors!
  1062 | D:4      | Noticed a scorpion
  1077 | D:4      | Killed a scorpion
  1078 | D:4      | Gained mutation: A weak demonic guardian rushes to your
                  | aid. [demonic ancestry]
  1078 | D:4      | Reached XP level 4. HP: 12/37 MP: 4/4
  1302 | D:4      | Noticed an ogre
  1317 | D:4      | Killed an ogre
  1318 | D:4      | Reached XP level 5. HP: 7/43 MP: 5/5
  1598 | D:4      | Found an iron altar of Okawaru.
  1636 | D:4      | Reached skill level 4 in Axes
  2157 | D:4      | Found Otoish's Magic Scroll Emporium.
  2176 | D:4      | Gained mutation: You are partially covered in thin metallic
                  | scales. (AC +2) [demonic ancestry]
  2176 | D:4      | Reached XP level 6. HP: 23/49 MP: 6/6
  2370 | D:4      | Found a basalt altar of Yredelemnul.
  2850 | D:3      | Identified the +1 cloak "Jymyaha" {rN+++ Str-4 Dex-4
                  | Stlth+}
  2932 | D:3      | Reached skill level 5 in Fighting
  3361 | D:2      | Found a faded altar of an unknown god.
  4034 | D:5      | Entered Level 5 of the Dungeon
  4041 | D:5      | Noticed a water moccasin
  4047 | D:5      | Gained mutation: You are mostly covered in thin metallic
                  | scales. (AC +3) [demonic ancestry]
  4047 | D:5      | Reached XP level 7. HP: 37/56 MP: 4/7
  4053 | D:5      | Reached skill level 5 in Axes
  4061 | D:5      | HP: 2/56 [poisoned by a water moccasin]
  4347 | D:5      | Reached *** piety under Trog
  4631 | D:5      | Noticed Sigmund
  4650 | D:5      | Killed Sigmund
  4651 | D:5      | Gained mutation: A demonic guardian rushes to your aid.
                  | [demonic ancestry]
  4651 | D:5      | Reached XP level 8. HP: 51/64 MP: 5/8
  5204 | D:5      | Identified a scroll of acquirement
  5204 | D:5      | Acquired a manual of Axes
  5264 | D:6      | Reached skill level 6 in Axes
  5289 | D:6      | Found a glowing drain.
  5320 | Sewer    | Entered a sewer
  5621 | Sewer    | Gained mutation: You are agile. (Dex +2) [potion of
                  | mutation]
  5621 | Sewer    | Gained mutation: Your magical capacity is low. (-10% MP)
                  | [potion of mutation]
  5621 | Sewer    | Gained mutation: You expend magic power (3 MP) to
                  | strengthen your wands. [potion of mutation]
  5621 | Sewer    | Gained mutation: You are partially covered in large bone
                  | plates. (SH +4) [potion of mutation]
  5640 | D:6      | Reached skill level 7 in Axes
  6001 | D:6      | Found a shimmering altar of Xom.
  6027 | D:6      | Reached XP level 9. HP: 72/72 MP: 8/8
  6109 | D:6      | Found Mixeumae's Antique Armour Emporium.
  6329 | D:6      | Reached skill level 8 in Axes
  6363 | D:7      | Found a staircase to the Ecumenical Temple.
  6382 | D:7      | Found a radiant altar of Vehumet.
  6384 | D:7      | Found an ancient bone altar of Kikubaaqudgha.
  6531 | D:7      | Reached skill level 5 in Dodging
  6794 | D:7      | Found a hazy altar of Hepliaklqana.
  6855 | D:7      | Reached skill level 5 in Armour
  6928 | D:7      | Found a bloodstained altar of Trog.
  6944 | D:7      | Found a shimmering blue altar of Sif Muna.
  6947 | D:7      | Noticed Prince Ribbit
  6972 | D:7      | Killed Prince Ribbit
  7016 | D:7      | Reached skill level 9 in Axes
  7022 | D:7      | Reached **** piety under Trog
  7423 | D:7      | Found Faqynumm's Jewellery Emporium.
  7438 | D:7      | Bought a ring of see invisible for 195 gold pieces
  7686 | D:7      | Noticed Joseph
  7703 | D:7      | Killed Joseph
  7704 | D:7      | Reached skill level 10 in Axes
  7704 | D:7      | Gained mutation: You have a small tail. [demonic ancestry]
  7704 | D:7      | Reached XP level 10. HP: 78/83 MP: 2/9
  8184 | D:8      | Noticed Psyche
  8204 | D:8      | Killed Psyche
  8217 | D:8      | Found a sparkling altar of Nemelex Xobeh.
  8322 | D:8      | Acquired a manual of Dodging
  8325 | D:8      | Found a blossoming altar of Fedhas.
  8361 | D:8      | Reached skill level 11 in Axes
  8602 | D:8      | Reached ***** piety under Trog
  8811 | D:8      | Noticed Pikel
  8829 | D:8      | Killed Pikel
  8830 | D:8      | Reached skill level 10 in Fighting
  9363 | D:9      | Found a staircase to the Lair.
  9717 | D:9      | Reached skill level 12 in Axes
  9725 | D:9      | Reached XP level 11. HP: 92/92 MP: 8/9
 10288 | D:10     | Entered Level 10 of the Dungeon
 10685 | D:10     | Found Kaess's Assorted Antiques.
 10833 | D:10     | Noticed a two-headed ogre
 10841 | D:10     | Killed a two-headed ogre
 10842 | D:10     | Reached skill level 13 in Axes
 11595 | D:11     | Received a gift from Trog
 11621 | D:11     | Noticed a tengu warrior
 11624 | D:11     | Noticed a green ugly thing
 11633 | D:11     | Killed a green ugly thing
 11633 | D:11     | Noticed an orc knight
 11640 | D:11     | Killed a tengu warrior
 11649 | D:11     | Killed an orc knight
 11651 | D:11     | Noticed a tengu warrior
 11652 | D:11     | Noticed a death knight
 11653 | D:11     | Noticed a boulder beetle
 11661 | D:11     | Killed a tengu warrior
 11662 | D:11     | Gained mutation: You are completely covered in thin
                  | metallic scales. (AC +4, rElec) [demonic ancestry]
 11662 | D:11     | Reached XP level 12. HP: 47/102 MP: 2/10
 11671 | D:11     | Killed a death knight
 11689 | D:11     | HP: 1/102 [manticore (15)]
 11689 | D:11     | Slain by a manticore

Illustrated notes

Levels and vault maps discovered:
D:1:      amcnicky_arrival_double_pillar, layout_loops_ring,
          amcnicky_mini_corridor_feature, minmay_misc_feat_x
D:2:      layout_basic, shapermc_ecumenical_altar_hornbeckon,
          guppyfry_early_lair_pool
D:3:      layout_rooms, hex_tiny, wad_rectangle_vault
D:4:      layout_gridville, overflow_temple_1_default,
          yredelemnul_forgotten_temple_becter, serial_shops, shop
D:5:      minmay_spotlight, layout_loops_ring, nicolae_elyvilon_peaceful_grove,
          grunt_decor_resistance, uniq_sigmund
D:6:      layout_cave_pools, led_xom_imps, serial_shops, shop,
          gup_sewer_entry_glass, chequers_hall_statues_wall_a
D:7:      layout_cave_pools, bloody_trog, mainiacjoe_overflow_boulevard,
          worldfamousw_hep_ancestral_shrine, mainiacjoe_overflow_catwalk_spiral,
          minmay_temple_entry_purple_smoke, serial_gnoll_camp,
          gnoll_camp_huts_basic, gnoll_camp_medium_01, gnoll_camp_medium_02,
          gnoll_camp_mini_hut, gnoll_camp_mini_shop, uniq_prince_ribbit1,
          uniq_joseph
D:8:      layout_cave_pods, nemelex_diamond_rough_becter,
          nicolae_overflow_crystal_walls, minmay_misc_feat_chi,
          kennysheep_generic_room_9, uniq_psyche, uniq_pikel
D:9:      layout_roguey [special_room_orc], lair_entry_dummy,
          serial_bayou_pond_c
D:10:     layout_long_grid, serial_shops, kennysheep_mini_moat,
          minmay_misc_feat_pillars
D:11:     minmay_the_grid_octo_tiled_squarecenter_mashed
          [minmay_the_grid_octo_pinwheel, minmay_the_grid_octo_focus,
          minmay_the_grid_octo_checkered, minmay_the_grid_octo_77,
          minmay_the_grid_square_5x5_megaprize_open,
          minmay_the_grid_square_5x5_hourglass,
          minmay_the_grid_square_5x5_tetrominoes,
          minmay_the_grid_square_5x5_lines, minmay_the_grid_square_5x5_eight],
          layout_long_grid, gauntlet_entry_generic

Skill      XL: |  1  2  3  4  5  6  7  8  9 10 11 12 |
---------------+-------------------------------------+-----
Dodging        | 2 3 4 5 7 8 9 |  9.0
Armour         | 2 3 4 5 6 7 |  7.7
Axes           | 3 4 5 7 10 12 13 | 13.7
Fighting       | 4 5 6 7 9 10 11 12 | 12.0

Action                   |  1- 3 |  4- 6 |  7- 9 | 10-12 || total
-------------------------+-------+-------+-------+-------++-------
Melee: Hand axe          |    93 |   151 |   396 |   512 ||  1152
       Punch             |       |       |     6 |    10 ||    16
       Tailslap          |       |       |       |   100 ||   100
Invok: Trog's Hand       |       |     1 |     3 |     4 ||     8
       Berserk           |       |       |     5 |     6 ||    11
Evoke: Wand              |       |       |     9 |       ||     9
  Use: Scroll            |     6 |     4 |     4 |    12 ||    26
       Potion            |       |     1 |     1 |     4 ||     6
 Stab: Distracted        |       |       |     1 |       ||     1
Armor: Ring mail         |    11 |       |       |       ||    11
       Chain mail        |    24 |   123 |   247 |   218 ||   612
Dodge: Dodged            |    51 |    71 |   183 |   190 ||   495
Block: Other             |       |       |    36 |    72 ||   108

Table legend: (Time is in decaauts)
 A = Elapsed time spent in this place.
 B = Non-inter-level travel time spent in this place.
 C = Inter-level travel time spent in this place.
 D = Time resting spent in this place.
 E = Time spent auto-exploring this place.
 F = Levels seen in this place.
 G = Mean time per level.
                   A        B        C        D        E       F      G
               +--------+--------+--------+--------+--------+-----+--------+
         Total |  11606 |  11494 |    112 |    789 |   8329 |  12 |  967.2 |
       Dungeon |  11301 |  11189 |    112 |    789 |   8085 |  11 | 1027.4 |
         Sewer |    305 |    305 |      0 |      0 |    244 |   1 |  305.0 |
               +--------+--------+--------+--------+--------+-----+--------+

Top non-repeatable levels by time:
     D:4: 1786 daAuts
     D:7: 1483 daAuts
     D:8: 1248 daAuts
     D:5: 1203 daAuts
    D:10: 1153 daAuts
     D:9: 1144 daAuts
     D:2: 912 daAuts
     D:6: 831 daAuts
     D:1: 801 daAuts
     D:3: 539 daAuts
   Sewer: 305 daAuts
    D:11: 195 daAuts
